General information
- name: BNet
- type: Ladder team game (AT/RT)
- host: Battle.net
- saver: nba-is-fixed
map: Battleground
- players: 8
- length: 17:59
- speed: Fast
- version: 1.26 W3XP
- replay type: Public
» download(137 KB)
Players
team 1 (loser)

»
uzzE (
teal | 81 APM | 1445 actions | 17:56)
4 Death Knight
2 Death Coil
2 Unholy Aura
3 Lich
2 Frost Nova
1 Frost Armor
» actions
| Assign group hotkey | 76 | |
| Build / train | 67 | |
| ESC pressed | 4 | |
| Enter build submenu | 13 | |
| Enter hero's abilities submenu | 7 | |
| Give item / drop item | 2 | |
| Right click | 653 | |
| Select / deselect | 248 | |
| Select group hotkey | 302 | |
| Use ability | 73 | |
1445 total
» units
| Acolyte | 3 | |
| Ghoul | 5 | |
| Crypt Fiend | 9 | |
| Obsidian Statue | 10 | |
27 total
» upgrades
| Creature Attack | 2 | |
| Web | 1 | |
| Creature Carapace | 2 | |
| Destroyer Form | 1 | |
| Ghoul Frenzy | 1 | |
7 total
» buildings
| Graveyard | 1 | |
| Crypt | 1 | |
| Altar of Darkness | 1 | |
| Ziggurat | 5 | |
| Tomb of Relics | 1 | |
| Nerubian Tower | 1 | |
| Halls of the Dead | 1 | |
| Slaughterhouse | 2 | |
| Black Citadel | 3 | |
| Sacrificial Pit | 1 | |
| Spirit Tower | 1 | |
18 total
» build order
00:14 Graveyard
00:20 Crypt
00:58 Altar of Darkness
01:02 Ziggurat
01:45 Tomb of Relics
02:12 Ziggurat
02:59 Nerubian Tower
04:18 Halls of the Dead
04:57 Ziggurat
07:36 Slaughterhouse
09:12 Black Citadel
09:12 Black Citadel
09:23 Ziggurat
10:35 Sacrificial Pit
10:42 Slaughterhouse
11:55 Spirit Tower
15:14 Ziggurat
» items
| Rod of Necromancy | 1 | |
| Boots of Speed | 1 | |
| Healing Salve | 1 | |
| Potion of Healing | 1 | |
| Scroll of Town Portal | 1 | |
5 total

»
hound (
red | 30 APM | 503 actions | 16:55)
4 Blademaster
2 Wind Walk
2 Critical Strike
» actions
| Basic commands | 10 | |
| Build / train | 47 | |
| Enter build submenu | 19 | |
| Enter hero's abilities submenu | 4 | |
| Give item / drop item | 2 | |
| Right click | 165 | |
| Select / deselect | 224 | |
| Use ability | 32 | |
503 total
» units
| Peon | 10 | |
| Grunt | 2 | |
| Troll Headhunter/Berserker | 6 | |
| Ogre Mauler | 1 | |
| Forest Troll Shadow Priest | 1 | |
| Forest Troll Berserker | 1 | |
| Tauren | 6 | |
| Spirit Walker | 4 | |
31 total
» upgrades
| Melee Weapons | 2 | |
| Armor | 2 | |
| Spirit Walker Training | 2 | |
| Pulverize | 1 | |
7 total
» buildings
| Altar of Storms | 1 | |
| Orc Burrow | 8 | |
| Barracks | 1 | |
| War Mill | 1 | |
| Voodoo Lounge | 1 | |
| Stronghold | 1 | |
| Fortress | 1 | |
| Spirit Lodge | 1 | |
| Tauren Totem | 2 | |
17 total
» build order
00:11 Altar of Storms
00:18 Orc Burrow
01:12 Barracks
01:27 Orc Burrow
01:50 War Mill
02:26 Voodoo Lounge
03:16 Stronghold
04:00 Orc Burrow
05:52 Fortress
06:44 Spirit Lodge
07:13 Orc Burrow
08:15 Tauren Totem
08:20 Tauren Totem
10:52 Orc Burrow
10:55 Orc Burrow
14:55 Orc Burrow
15:00 Orc Burrow
» items

»
DeaDPoOL. (
orange | 97 APM | 1732 actions | 17:51)
4 Tauren Chieftain
2 War Stomp
2 Endurance Aura
2 Shadow Hunter
1 Healing Wave
1 Hex
» actions
| Assign group hotkey | 55 | |
| Basic commands | 371 | |
| Build / train | 65 | |
| Enter build submenu | 15 | |
| Enter hero's abilities submenu | 6 | |
| Give item / drop item | 3 | |
| Right click | 754 | |
| Select / deselect | 248 | |
| Select group hotkey | 153 | |
| Use ability | 62 | |
1732 total
» units
| Peon | 8 | |
| Troll Headhunter/Berserker | 29 | |
| Shaman | 4 | |
41 total
» upgrades
| Ranged Weapons | 2 | |
| Armor | 2 | |
| Troll Regeneration | 1 | |
| Shaman Training | 2 | |
| Berserker Upgrade | 1 | |
8 total
» buildings
| Orc Burrow | 8 | |
| War Mill | 1 | |
| Altar of Storms | 1 | |
| Barracks | 2 | |
| Voodoo Lounge | 1 | |
| Stronghold | 1 | |
| Spirit Lodge | 1 | |
| Fortress | 1 | |
16 total
» build order
00:17 Orc Burrow
00:30 War Mill
00:46 Altar of Storms
01:37 Barracks
01:55 Orc Burrow
02:20 Barracks
02:33 Voodoo Lounge
03:05 Orc Burrow
05:19 Stronghold
06:06 Orc Burrow
08:36 Spirit Lodge
09:57 Fortress
11:21 Orc Burrow
16:15 Orc Burrow
16:31 Orc Burrow
17:07 Orc Burrow
» items
| Healing Salve | 2 | |
| Scroll of Town Portal | 3 | |
| Scroll of Speed | 1 | |
6 total
13elloNa (
purple | 34 APM | 581 actions | 17:06)
4 Shadow Hunter
2 Healing Wave
2 Hex
» actions
| Basic commands | 5 | |
| Build / train | 54 | |
| Enter build submenu | 11 | |
| Enter hero's abilities submenu | 4 | |
| Give item / drop item | 2 | |
| Right click | 315 | |
| Select / deselect | 143 | |
| Use ability | 47 | |
581 total
» units
» upgrades
| Armor | 3 | |
| Berserker Strength | 1 | |
| Melee Weapons | 2 | |
| Ranged Weapons | 1 | |
7 total
» buildings
| Altar of Storms | 1 | |
| Orc Burrow | 6 | |
| Barracks | 1 | |
| War Mill | 1 | |
| Stronghold | 1 | |
| Voodoo Lounge | 1 | |
| Beastiary | 1 | |
| Fortress | 1 | |
13 total
» build order
00:07 Altar of Storms
00:12 Orc Burrow
01:11 Barracks
01:33 Orc Burrow
02:12 War Mill
03:39 Stronghold
04:01 Orc Burrow
04:16 Voodoo Lounge
05:59 Orc Burrow
06:16 Orc Burrow
07:28 Beastiary
09:17 Fortress
11:19 Orc Burrow
» items
| Lesser Clarity Potion | 3 | |
| Potion of Mana | 2 | |
| Potion of Healing | 2 | |
7 total
team 2 (winner)

»
KeepOnFighting (
yellow | 63 APM | 1136 actions | 17:57)
6 Archmage
3 Summon Water Elemental
3 Brilliance Aura
3 Mountain King
2 Storm Bolt
1 Bash
» actions
| Assign group hotkey | 20 | |
| Basic commands | 73 | |
| Build / train | 51 | |
| Enter build submenu | 19 | |
| Enter hero's abilities submenu | 9 | |
| Give item / drop item | 6 | |
| Right click | 349 | |
| Select / deselect | 244 | |
| Select group hotkey | 311 | |
| Use ability | 54 | |
1136 total
» units
| Peasant | 8 | |
| Footman | 4 | |
| Gryphon Rider | 9 | |
21 total
» upgrades
| Masonry | 3 | |
| Lumber Harvesting | 1 | |
| Animal War Training | 1 | |
| Storm Hammers | 1 | |
| Swords | 1 | |
7 total
» buildings
| Altar of Kings | 1 | |
| Barracks | 1 | |
| Farm | 8 | |
| Lumber Mill | 1 | |
| Scout Tower | 4 | |
| Arcane Tower | 2 | |
| Guard Tower | 1 | |
| Arcane Vault | 1 | |
| Keep | 1 | |
| Castle | 1 | |
| Gryphon Aviary | 2 | |
| Blacksmith | 1 | |
24 total
» build order
00:08 Altar of Kings
00:14 Barracks
00:20 Farm
01:07 Farm
01:15 Lumber Mill
01:44 Scout Tower
01:48 Scout Tower
01:53 Scout Tower
02:18 Arcane Tower
02:23 Farm
02:31 Guard Tower
02:40 Farm
03:39 Arcane Vault
03:45 Scout Tower
04:22 Keep
04:33 Arcane Tower
06:55 Castle
07:22 Gryphon Aviary
07:24 Gryphon Aviary
08:23 Blacksmith
08:33 Farm
08:37 Farm
08:45 Farm
09:08 Farm
» items
| Periapt of Vitality | 2 | |
| Boots of Speed | 1 | |
| Scroll of Regeneration | 2 | |
| Orb of Fire | 1 | |
| Scroll of Town Portal | 1 | |
7 total
LalaLand (
pink | 71 APM | 1280 actions | 17:57)
6 Priestess of the Moon
3 Trueshot Aura
2 Searing Arrows
1 Starfall
» actions
| Assign group hotkey | 70 | |
| Basic commands | 86 | |
| Build / train | 62 | |
| Enter build submenu | 25 | |
| Enter hero's abilities submenu | 6 | |
| Right click | 494 | |
| Select / deselect | 315 | |
| Select group hotkey | 182 | |
| Use ability | 40 | |
1280 total
» units
| Wisp | 24 | |
| Archer | 8 | |
| Huntress | 4 | |
| Druid of the Talon | 6 | |
| Dryad | 5 | |
| Chimaera | 2 | |
49 total
» upgrades
| Strength of the Moon | 1 | |
| Moon Armor | 1 | |
| Improved Bows | 1 | |
| Strength of the Wild | 1 | |
4 total
» buildings
| Moon Well | 8 | |
| Altar of Elders | 1 | |
| Ancient of War | 2 | |
| Hunter's Hall | 1 | |
| Tree of Ages | 1 | |
| Ancient of Lore | 1 | |
| Ancient of Wind | 1 | |
| Tree of Life | 1 | |
| Ancient Protector | 1 | |
| Tree of Eternity | 1 | |
| Ancient of Wonders | 1 | |
| Chimaera Roost | 4 | |
23 total
» build order
00:21 Moon Well
00:50 Altar of Elders
01:31 Ancient of War
01:33 Ancient of War
02:04 Moon Well
02:29 Hunter's Hall
02:42 Moon Well
04:32 Moon Well
05:11 Tree of Ages
07:51 Ancient of Lore
07:53 Ancient of Wind
08:21 Tree of Life
09:10 Moon Well
09:12 Moon Well
11:02 Ancient Protector
12:45 Tree of Eternity
13:05 Moon Well
13:06 Moon Well
15:15 Ancient of Wonders
15:19 Chimaera Roost
15:19 Chimaera Roost
15:20 Chimaera Roost
17:24 Chimaera Roost
nba-is-fixed (
green | 78 APM | 1403 actions | 17:59)
6 Tauren Chieftain
3 Shockwave
2 Endurance Aura
1 Reincarnation
4 Shadow Hunter
2 Hex
2 Healing Wave
» actions
| Assign group hotkey | 20 | |
| Basic commands | 1 | |
| Build / train | 63 | |
| Enter build submenu | 13 | |
| Enter hero's abilities submenu | 10 | |
| Give item / drop item | 4 | |
| Remove unit from queue | 2 | |
| Right click | 744 | |
| Select / deselect | 129 | |
| Select group hotkey | 353 | |
| Use ability | 64 | |
1403 total
» units
| Peon | 10 | |
| Troll Headhunter/Berserker | 13 | |
| Wind Rider | 1 | |
24 total
» upgrades
| Ranged Weapons | 2 | |
| Armor | 2 | |
| Envenomed Spears | 1 | |
| Berserker Upgrade | 1 | |
6 total
» buildings
| Orc Burrow | 7 | |
| Barracks | 2 | |
| War Mill | 1 | |
| Altar of Storms | 1 | |
| Voodoo Lounge | 1 | |
| Stronghold | 2 | |
| Fortress | 2 | |
| Beastiary | 3 | |
19 total
» build order
00:28 Orc Burrow
01:18 Barracks
01:23 War Mill
01:26 Barracks
01:35 Altar of Storms
02:00 Orc Burrow
02:42 Orc Burrow
03:06 Voodoo Lounge
04:48 Orc Burrow
06:35 Stronghold
06:47 Orc Burrow
09:19 Fortress
09:19 Fortress
09:27 Beastiary
09:28 Beastiary
09:29 Beastiary
17:24 Orc Burrow
» items
| Healing Salve | 3 | |
| Potion of Healing | 1 | |
| Scroll of Healing | 2 | |
| Potion of Lesser Invulnerability | 2 | |
| Scroll of Town Portal | 3 | |
11 total

»
yearofthedodger (
blue | 36 APM | 640 actions | 17:57)
5 Death Knight
3 Death Coil
2 Unholy Aura
» actions
| Assign group hotkey | 11 | |
| Basic commands | 32 | |
| Build / train | 42 | |
| Enter build submenu | 16 | |
| Enter hero's abilities submenu | 5 | |
| Right click | 238 | |
| Select / deselect | 133 | |
| Select group hotkey | 130 | |
| Use ability | 33 | |
640 total
» units
| Acolyte | 4 | |
| Ghoul | 9 | |
| Crypt Fiend | 6 | |
| Frost Wyrm | 5 | |
24 total
» upgrades
| Creature Attack | 2 | |
| Web | 1 | |
| Creature Carapace | 1 | |
| Freezing Breath | 1 | |
5 total
» buildings
| Crypt | 1 | |
| Ziggurat | 6 | |
| Altar of Darkness | 1 | |
| Tomb of Relics | 1 | |
| Graveyard | 3 | |
| Halls of the Dead | 1 | |
| Nerubian Tower | 2 | |
| Black Citadel | 1 | |
| Spirit Tower | 3 | |
| Sacrificial Pit | 1 | |
| Boneyard | 2 | |
| Slaughterhouse | 1 | |
23 total
» build order
00:15 Crypt
00:20 Ziggurat
01:02 Altar of Darkness
01:09 Tomb of Relics
01:36 Ziggurat
02:34 Graveyard
03:28 Ziggurat
03:48 Halls of the Dead
05:24 Nerubian Tower
05:45 Ziggurat
06:42 Black Citadel
08:14 Spirit Tower
08:15 Spirit Tower
08:16 Nerubian Tower
08:55 Sacrificial Pit
09:21 Graveyard
09:40 Graveyard
09:44 Ziggurat
10:09 Boneyard
10:20 Boneyard
12:33 Spirit Tower
14:42 Slaughterhouse
17:41 Ziggurat
Chat log
(01:55 / Allies) LalaLand: rush?
(03:20 / All) LalaLand: nub
(08:44 / Allies) yearofthedodger: thank for leading that shit into me yw
(10:55 / All) LalaLand: :)
(11:01 / Allies) nba-is-fixed: meet niggas
(11:07 / Allies) KeepOnFighting: lol
(11:07 / All) DeaDPoOL.: was hoping u wasnt mh
(11:15 / All) LalaLand: never
(11:16 / All) nba-is-fixed: we just got really lucky
(11:57 / Allies) LalaLand: TP NOW
(12:01 / Allies) LalaLand: nvm
(12:04 / Allies) LalaLand: ya d it
(12:34 / All) LalaLand: die
(12:35 / All) LalaLand: die
(12:36 / All) LalaLand: Die
(13:16 / All) LalaLand: gg nubleys
(13:34 / All) 13elloNa: burrow noob
(14:53 / Allies) LalaLand: why you run
(14:54 / Allies) LalaLand: wtf
(15:03 / Allies) KeepOnFighting: what the hell is this
(16:59 / All) DeaDPoOL.: gg
(17:04 / All) LalaLand: ?
(17:33 / All) DeaDPoOL.: i ping ur expo a while ago when u started building they sat there and didint care
(17:52 / All) yearofthedodger: blah blah blah
(17:57 / All) LalaLand: ya my chims comin out nice right now